 Dungeon Crawl Stone Soup version 0.29-a0-319-gad05b8d819 (webtiles) character file.

Game seed: 13299763284538573975

29 Morbidden the Skirmisher (level 3, -1/29 HPs)
             Began as a Demonspawn Fighter on Apr 2, 2022.
             Slain by Terence
             ... wielding a +0 short sword of speed
              (5 damage)
             ... on level 2 of the Dungeon.
             The game lasted 00:00:44 (833 turns).

Morbidden the Skirmisher (Demonspawn Fighter)        Turns: 833, Time: 00:00:45

Health: -1/29      AC:  7    Str: 18    XL:     3   Next: 1%
Magic:  2/4        EV:  9    Int:  9    God:
Gold:   79         SH:  4    Dex: 12    Spells: 3/3 levels left

rFire   . . .      SeeInvis .   a - +0 war axe
rCold   . . .      Faith    .   c - +0 buckler
rNeg    . . .      Spirit   .   b - +0 scale mail
rPois   .          Reflect  .   (no helmet)
rElec   .          Harm     .   (no cloak)
rCorr   .          Rampage  .   (no gloves)
Will    +....                   (no boots)
Stlth   ..........              i - amulet of the acrobat
HPRegen 0.09/turn               g - ring of willpower
MPRegen 0.09/turn               (no ring)

@: mighty
A: sharp scales 1, weakness stinger 1
a: no special abilities


You were on level 2 of the Dungeon.
You visited 1 branch of the dungeon, and saw 2 of its levels.

You collected 79 gold pieces.

Inventory:

Hand Weapons
 a - a +0 war axe (weapon)
Armour
 b - a +0 scale mail (worn)
 c - a +0 buckler (worn)
Jewellery
 f - an amulet of magic regeneration
 g - a ring of willpower (left hand)
 i - an amulet of the acrobat (around neck)
 k - a ring of fire
Scrolls
 e - 5 scrolls of identify {unknown}
 j - a scroll of noise {unknown}
 l - a scroll of vulnerability {unknown}
 n - a scroll of teleportation {unknown}
Potions
 h - 3 potions of flight {unknown}
 m - a potion of curing {unknown}


   Skills:
 * Level 3.4 Fighting
 * Level 2.0 Axes
 + Level 3.0 Armour
 * Level 0.1 Dodging
 + Level 2.8 Shields
 * Level 0.6 Spellcasting


You had 3 spell levels left.
You didn't know any spells.
Your spell library contained the following spells:

 Spells                   Type           Power      Damage    Failure   Level
 Corpse Rot               Necr/Air       0%         N/A       94%         2
 Sublimation of Blood     Necr           0%         N/A       94%         2
 Vampiric Draining        Necr           0%         2d6       99%         3
 Eringya's Noxious Bog    Tmut/Pois      0%         N/A       100%        6


Dungeon Overview and Level Annotations

Branches:
Dungeon (2/15)

Altars:

Annotations:
D:2 Terence


Innate Abilities, Weirdness & Mutations

You are partially covered in razor-sharp scales. (AC +1, Slay +1)
You have a small tail.


Message History

You aren't carrying any items that you can evoke.
Unknown command.
You feel very mighty all of a sudden.
Sigmund points at you and mumbles some strange words.
The magic dart hits you. The bat hits you but does no damage.
You slash Sigmund!
Sigmund is heavily wounded.
You miss the bat. You block the bat's attack.
The bat hits you but does no damage. x2; Sigmund barely misses you.
Unknown command.
You hit Sigmund.
Sigmund is heavily wounded.
You barely miss Terence. You closely miss the bat. The bat closely misses you.
The bat hits you. The bat hits you but does no damage.
Terence hits you but does no damage.
Sigmund hits you with a +2 vorpal scythe.
* * * LOW HITPOINT WARNING * * *
x2 Terence hits you but does no damage.
You closely miss Sigmund.
Sigmund is heavily wounded.
You slash the dart slug!
You kill the dart slug!
You hit Terence. The bat hits you but does no damage.
You block Terence's attack. You block Sigmund's attack.
You block Terence's attack.
Your Axes skill increases to level 2!
You have reached level 3!
Your experience leads to an increase in your attributes!
Increase (S)trength, (I)ntelligence, or (D)exterity?
You feel stronger. x2; Your demonic ancestry asserts itself...
You grow a small tail.
Unknown command.
You slash Sigmund!
You kill Sigmund!
You closely miss Terence. The bat hits you.
* * * LOW HITPOINT WARNING * * *
Terence hits you with a +0 short sword of speed.
* * * LOW HITPOINT WARNING * * *
Terence hits you with a +0 short sword of speed.
You die...

#. #. .###... # #.
...... # #. #. ..... ..
#.##### #. #...#PPP.
.....# #. #.#.PPP♣.
##.#.# #.##.....P.#
####....####@@.......##
+......>....)^.b.......
####.@..#########....##
.# #...#.# #.## .
#.#...# # #.##..♣..#
#....♣.P## ..P♣P..#
#.♣PP..##


You could see Terence and a bat.

Vanquished Creatures
  Sigmund (D:2)
  An adder (D:2)
  2 dart slugs
  A ball python (D:1)
  3 endoplasms
  A goblin (D:2)
  2 hobgoblins (D:1)
  A quokka (D:1)
  4 frilled lizards
  A rat (D:1)
17 creatures vanquished.

Vanquished Creatures (others)
  9 plants (D:2)
9 creatures vanquished.

Grand Total: 26 creatures vanquished

Notes
Turn   | Place    | Note
-------+----------+-------------------------------------------
     0 | D:1      | Morbidden the Demonspawn Fighter began the quest for the
                  | Orb.
     0 | D:1      | Reached XP level 1. HP: 18/18 MP: 1/1
   195 | D:1      | Gained mutation: You are partially covered in razor-sharp
                  | scales. (AC +1, Slay +1) [demonic ancestry]
   195 | D:1      | Reached XP level 2. HP: 24/24 MP: 2/2
   774 | D:2      | Got Sif Muna's Disquisition on Doomed Venom
   820 | D:2      | Noticed Terence
   823 | D:2      | Noticed Sigmund
   833 | D:2      | Gained mutation: You have a small tail. [demonic ancestry]
   833 | D:2      | Reached XP level 3. HP: 7/29 MP: 2/4
   833 | D:2      | Killed Sigmund
   833 | D:2      | Slain by Terence

Illustrated notes

Levels and vault maps discovered:
D:1:      mrwooster_arrival_arrow, layout_loops_ring, minmay_misc_feat_ornament
D:2:      layout_loops_corners, serial_forest, infiniplex_forest_lined_corner,
          infiniplex_forest_lined_4_way, infiniplex_forest_clump_double,
          infiniplex_forest_clump_diagonal, infiniplex_forest_corner_1,
          infiniplex_forest_clump_C, infiniplex_forest_straight_1,
          infiniplex_forest_corner_2, infiniplex_forest_clump_tiny,
          shapermc_ecumenical_altar_notcrosses, uniq_terence, uniq_sigmund

Skill      XL: |  1  2 |
---------------+-------+-----
Armour         | 3 |  3.0
Axes           | 2 |  2.0
Fighting       | |  3.4
Dodging        | |  0.1
Shields        | |  2.8
Spellcasting   | |  0.6

Action                   || total
-------------------------++-------
Melee: War axe           ||    45
  Use: Potion            ||     1
Armor: Scale mail        ||    24
Dodge: Dodged            ||    25
Block: Buckler           ||    11

Table legend: (Time is in decaauts)
 A = Elapsed time spent in this place.
 B = Non-inter-level travel time spent in this place.
 C = Inter-level travel time spent in this place.
 D = Time resting spent in this place.
 E = Time spent auto-exploring this place.
 F = Levels seen in this place.
 G = Mean time per level.
                   A        B        C        D        E       F      G
               +--------+--------+--------+--------+--------+-----+--------+
         Total |    851 |    837 |     14 |      0 |    684 |   2 |  425.5 |
       Dungeon |    851 |    837 |     14 |      0 |    684 |   2 |  425.5 |
               +--------+--------+--------+--------+--------+-----+--------+

Top non-repeatable levels by time:
     D:1: 739 daAuts
     D:2: 112 daAuts
